cohdb
Replays
Latest Replays
All Replays
Popular Replays
Top Player Replays
Match Explorer
How It Works
Community
CoH3 Stats
Reddit
Sign in to upload your games and track your stats! →
Sign in with Steam
Match 28612347
Unlisted
Match 28612347
Overview
Messages
Build Orders
End
Engineer Squad
Construct Barracks
Selects Advanced Infantry Battlegroup
Riflemen Squad
Riflemen Squad
Selects Convert to Ranger Squad
Riflemen Squad
Infantry Support Center
Grenade Package
Construct Medical Station
Munitions Surplus
Convert to Ranger Squad
Construct Weapon Support Center
M1919 Machine Gun Team
Improved M9 Bazooka Rockets
Advanced Logistics
Selects Designate Assault Position
Selects Infantry Assault
Infantry Assault
Bazooka Squad
Selects Artillery Observers
Riflemen Squad
Infantry Assault
Construct Tank Depot
Selects M2A1 105mm Howitzer Emplacement
CAuMOH
sniper shot reduces your mom lif
Septimum
bunkerbuster
0
0
Comments
sign in to comment!
No comments posted yet!